 Dungeon Crawl Stone Soup version 0.26.0-18-gc5c842f807 (webtiles) character file.

Game seed: 10878111637671380439

186 iamoutofideas the Chiller (level 5, 0/35 HPs)
             Began as a Demonspawn Ice Elementalist on Jan 23, 2021.
             Slain by an orc
             ... wielding a +0 club
              (4 damage)
             ... on level 4 of the Dungeon.
             The game lasted 00:02:55 (3219 turns).

iamoutofideas the Chiller (DsIE)                    Turns: 3219, Time: 00:02:55

Health: 0/35       AC:  3    Str:  8    XL:     5   Next: 38%
Magic:  7/10       EV: 12    Int: 17    God:
Gold:   114        SH:  0    Dex: 14    Spells: 4/11 levels left

rFire    . . .     SeeInvis .   g - +0 short sword
rCold    . . .     Faith    .   (no shield)
rNeg     . . .     Spirit   .   a - +0 robe
rPois    +         Reflect  .   (helmet restricted)
rElec    .         Harm     .   p - +0 cloak
rCorr    .         Rampage  .   (no gloves)
Will     .....                  (no boots)
Stlth    ++........             (no amulet)
HPRegen  0.11/turn              n - ring of poison resistance
MPRegen  0.12/turn              q - +4 ring of slaying

@: no status effects
A: antennae 2
a: no special abilities


You were on level 4 of the Dungeon.
You visited 1 branch of the dungeon, and saw 4 of its levels.

You collected 114 gold pieces.

Inventory:

Hand Weapons
 g - a +0 short sword (weapon)
 j - a +0 short sword
Missiles
 c - 2 datura-tipped darts
Armour
 a - a +0 robe (worn)
 p - a +0 cloak (worn)
Jewellery
 n - a ring of poison resistance (left hand)
 q - a +4 ring of slaying (right hand)
Scrolls
 b - 2 scrolls of teleportation
 e - 4 scrolls of remove curse
 s - a scroll of fear {unknown}
Potions
 d - 2 potions of degeneration {unknown}
 f - a potion of ambrosia {unknown}
 h - a potion of heal wounds {unknown}
 i - a potion of attraction {unknown}
 k - a potion of brilliance {unknown}
 l - a potion of curing {unknown}
 m - 3 potions of might {unknown}
 o - a potion of lignification {unknown}


   Skills:
 - Level 0.1 Fighting
 - Level 0.3 Short Blades
 - Level 2.0 Dodging
 - Level 2.1 Stealth
 - Level 0.1 Unarmed Combat
 + Level 3.6 Spellcasting
 + Level 4.9 Ice Magic


You had 4 spell levels left.
You knew the following spells:

 Your Spells              Type           Power        Failure   Level
a - Freeze                Ice            76%          2%          1
b - Frozen Ramparts       Ice            38%          7%          3
c - Ozocubu's Armour      Ice            19%          7%          3

Your spell library contained the following spells:

 Spells                   Type           Power        Failure   Level
 Hailstorm                Conj/Ice       11%          52%         4
 Summon Ice Beast         Ice/Summ       11%          52%         4


Dungeon Overview and Level Annotations

Branches:
Dungeon (4/15)
 Temple: D:4-7

Altars:
Gozag
Wu Jian

Annotations:
D:4 1 runed translucent door


Innate Abilities, Weirdness & Mutations

You have a pair of antennae on your head.


Message History

Confirm with . or Enter, or press ? or * to list all spells.
Aiming: Freeze (safe; 2% risk of failure)
Press: ? - help, Shift-Dir - straight line, f/p - orc priest
Aim: an orc priest, wielding a +0 club (almost dead)
You freeze the orc priest!
You kill the orc priest!
The orc hits you with a +0 dagger. The orc hits you with a +0 hand axe!
* * * LOW HITPOINT WARNING * * *
Unknown command.
You are too injured to fight recklessly!
The orc closely misses you.
Found 3 scrolls of teleportation.
You see here a +0 club.
The orc hits you with a +0 dagger.
* * * LOW HITPOINT WARNING * * *
Found a runed translucent door.
The quokka misses you.
Found 13 gold pieces.
The orc hits you with a +0 club.
You die...

... ###. .... #...
....########.#
#.....<.....# ##
#.........).# #.#.
..#.........!##...+≈
#....).....o@.....#.
#.......)o.r.##...##
.........o.........$
...#............####
.........#####..#
######..# .?# #...
#.# #... .. ####.
.#.


You could see 3 orcs and a quokka.

Vanquished Creatures
  A bullfrog (D:2)
  An orc priest (D:4)
  2 adders (D:3)
  An ooze (D:2)
  3 worms (D:2)
  2 dart slugs (D:1)
  A leopard gecko (D:3)
  6 orcs (D:3)
  4 giant cockroaches
  7 goblins
  4 hobgoblins
  2 jackals (D:3)
  4 bats
  3 frilled lizards
  6 kobolds
  7 rats
54 creatures vanquished.

Vanquished Creatures (others)
  4 plants
4 creatures vanquished.

Grand Total: 58 creatures vanquished

Notes
Turn   | Place    | Note
-------+----------+-------------------------------------------
     0 | D:1      | iamoutofideas the Demonspawn Ice Elementalist began the
                  | quest for the Orb.
     0 | D:1      | Reached XP level 1. HP: 13/13 MP: 3/3
   374 | D:1      | Reached skill level 4 in Ice Magic
   374 | D:1      | Gained mutation: You have a pair of small antennae on your
                  | head. [demonic ancestry]
   374 | D:1      | Reached XP level 2. HP: 19/19 MP: 1/5
  1338 | D:2      | Noticed a bullfrog
  1347 | D:2      | Killed a bullfrog
  1348 | D:2      | Reached XP level 3. HP: 14/24 MP: 0/7
  1348 | D:2      | Reached XP level 4. HP: 18/30 MP: 0/8
  1747 | D:2      | Learned a level 3 spell: Frozen Ramparts
  1751 | D:2      | Learned a level 3 spell: Ozocubu's Armour
  2430 | D:3      | Found an opulent altar of Gozag.
  2575 | D:3      | Gained mutation: You have a pair of antennae on your head.
                  | [demonic ancestry]
  2575 | D:3      | Reached XP level 5. HP: 27/35 MP: 5/10
  3005 | D:3      | Found an ornate altar of the Wu Jian Council.
  3217 | D:4      | Found a runed translucent door.
  3219 | D:4      | Slain by an orc

Illustrated notes

Levels and vault maps discovered:
D:1:      minmay_arrival_glassed_features, layout_basic, minmay_tiny_reverse_x
D:2:      layout_basic
D:3:      layout_rooms, general_overflow_altar, nzn_wu_jian_council_hall,
          serial_bayou, serial_bayou_lagoon_a, serial_bayou_pond_a,
          serial_bayou_shore_b, serial_bayou_shore_a, palyth_stone_intersect,
          minmay_hedge_maze
D:4:      layout_rooms, lemuel_doored_altar, nzn_hepliaklqana_mist_gate,
          lightli_ossuary_entry_decrepit_ruins, ebering_ghost_reflecting_pool,
          serial_bayou_lagoon_b, uniq_natasha

Skill      XL: |  1  2  3  4 |
---------------+-------------+-----
Ice Magic      | 4 |  4.9
Dodging        | 2 |  2.0
Stealth        | 2 |  2.1
Spellcasting   | 3 |  3.6
Fighting       | |  0.1
Short Blades   | |  0.3
Unarmed Combat | |  0.1

Action                   |  1- 3 |  4- 6 || total
-------------------------+-------+-------++-------
Melee: Unarmed           |    19 |       ||    19
       Short sword       |    10 |    41 ||    51
 Cast: Freeze            |    30 |    41 ||    71
       Frozen Ramparts   |       |     1 ||     1
  Use: Scroll            |       |     5 ||     5
 Stab: Sleeping          |     2 |     2 ||     4
Armor: Robe              |     7 |    16 ||    23
Dodge: Dodged            |    32 |    54 ||    86
